 Dungeon Crawl Stone Soup version 0.25-a0-310-g60f0ac2 (webtiles) character file.

Game seed: 10860805652787223812, levelgen mode: deterministic

84 MrTaco21 the Cudgeler (level 4, 0/28 HPs)
             Began as a Gargoyle Fighter on Dec 23, 2019.
             Slain by Crazy Yiuf
             ... wielding a +3 quarterstaff of chaos
              (12 damage)
             ... on level 2 of the Dungeon.
             The game lasted 00:03:37 (1923 turns).

MrTaco21 the Cudgeler (Gargoyle Fighter)            Turns: 1923, Time: 00:03:37

Health: 0/28       AC: 10    Str: 21    XL:     4   Next: 46%
Magic:  3/4        EV:  7    Int:  8    God:
Gold:   179        SH:  9    Dex:  9    Spells: 3/3 levels left

rFire    . . .     SeeInvis .   a - +0 flail
rCold    . . .     Gourm    .   c - +0 shield
rNeg     + . .     Faith    .   b - +0 scale mail
rPois    ∞         Spirit   .   (no helmet)
rElec    +         Reflect  .   (no cloak)
rCorr    .         Harm     .   (no gloves)
MR       .....                  (no boots)
Stlth    ..........             f - amulet of rage
HPRegen  0.09/turn              (no ring)
MPRegen  0.09/turn              (no ring)

@: no status effects
A: negative energy resistance 1, electricity resistance, unbreathing,
petrification resistance, rot immunity, AC +3
a: Evoke Berserk Rage


You were on level 2 of the Dungeon.
You were not hungry.

You visited 1 branch of the dungeon, and saw 2 of its levels.

You collected 179 gold pieces.

Inventory:

Hand Weapons
 a - a +0 flail (weapon)
Armour
 b - a +0 scale mail (worn)
 c - a +0 shield (worn)
Jewellery
 f - an amulet of rage (around neck)
   (You found it on level 1 of the Dungeon)
Scrolls
 g - a scroll of teleportation {unknown}
 j - 2 scrolls of random uselessness {unknown}
 k - a scroll of identify {unknown}
 l - 3 scrolls of remove curse {unknown}
 p - a scroll of immolation {unknown}
 r - a scroll of blinking {unknown}
Potions
 d - a potion of might
 i - a potion of flight {unknown}
 m - 6 potions of curing {unknown}
 n - a potion of agility {unknown}
 o - a potion of mutation {unknown}
 q - a potion of degeneration {unknown}
Comestibles
 e - 5 rations {!d}
 h - 3 chunks of flesh


   Skills:
 - Level 3.2 Fighting
 + Level 4.5 Maces & Flails
 - Level 3.2 Armour
 - Level 3.2 Shields


You had 3 spell levels left.
You didn't know any spells.
Your spell library was empty.

Dungeon Overview and Level Annotations

Branches:
Dungeon (2/15)

Altars:
Fedhas
Wu Jian

Annotations:
D:2 Crazy Yiuf


Innate Abilities, Weirdness & Mutations

You are resistant to torment.
Your stone body is resilient. (AC +3)
You are immune to poison.
You resist negative energy. (rN+)
You are resistant to electric shocks. (rElec)
You can survive without breathing.
You are immune to petrification.
You are immune to rotting.


Message History

The bat barely misses you. You block the bat's attack.
You closely miss the bat. You block the bat's attack.
The bat closely misses you.
Found a bubbling dark potion.
The bat hits you but does no damage. x2
You completely miss the bat. The bat hits you but does no damage. x2
You block the bat's attack. You block the bat's attack.
The bat barely misses you.
You sock the bat!
You kill the bat!
No target in view!
No target in view!
No target in view!
No target in view!
No target in view!
You now have 167 gold pieces (gained 9).
m - 6 bubbling dark potions (gained 1)
You now have 179 gold pieces (gained 12).
You open the door.
There is an open door here.
You open the door.
Some of the chunks of flesh in your inventory have rotted away.
Eating one of 4 chunks of flesh.
You eat one of the 4 chunks of flesh.
Found a mace.
Crazy Yiuf shouts!
Unknown command.
You open the door. You hit Crazy Yiuf. You block Crazy Yiuf's attack.
You closely miss Crazy Yiuf.
Crazy Yiuf hits you with a +3 quarterstaff of chaos.
Crazy Yiuf burns you.
You barely miss Crazy Yiuf.
Crazy Yiuf whimpers, "Cholesterol Hive foot!"
Crazy Yiuf hits you with a +3 quarterstaff of chaos.
You hit Crazy Yiuf but do no damage.
Crazy Yiuf laughs, "Walk!
Pitchfork tired shoe."
Crazy Yiuf hits you with a +3 quarterstaff of chaos!
* * * LOW HITPOINT WARNING * * *
You feel your power leaking away.
Crazy Yiuf says, "Cake turtle ragdoll!"
Crazy Yiuf whimpers, "Sif Muna meccalolo unthinkable!"
Crazy Yiuf cries, "You leg down broken song, no?"
Crazy Yiuf whimpers, "Defame bag canine!"
There is a stone staircase leading up here.
You sock Crazy Yiuf! You block Crazy Yiuf's attack.
You hit Crazy Yiuf but do no damage.
Crazy Yiuf says, "Dawk return to song sing!"
Crazy Yiuf hits you with a +3 quarterstaff of chaos!
You die...

.........#........## #.###.#####÷
###.#....#........## #.# #.....÷.
# ######...........# #.# ##..##..
#...........# #.# #..###..
#...........# #.###..# #..
####...........###..)...# #.. #
##..#...........##.......####.
####P...........>.##.....#....###
..#..P...#.....g@........###...##
##.#...###.....#####.....####....
#######.#....####...............
#)#...##..........##...... ###
#.#...#...........##.#.... ..###
#.....#.......##........(.
....#####..........<.###.##.##.##
...............).....# #.##.##.##
.............##......# #.........


You could see Crazy Yiuf.

Vanquished Creatures
  3 adders (D:2)
  2 worms (D:2)
  2 dart slugs (D:1)
  A leopard gecko (D:1)
  A ball python (D:1)
  2 giant cockroaches (D:1)
  4 goblins
  7 hobgoblins
  A quokka (D:2)
  11 bats
  A frilled lizard (D:2)
  4 kobolds
  6 rats
45 creatures vanquished.

Notes
Turn   | Place    | Note
-------+----------+-------------------------------------------
     0 | D:1      | MrTaco21 the Gargoyle Fighter began the quest for the Orb.
     0 | D:1      | Reached XP level 1. HP: 14/14 MP: 1/1
   502 | D:1      | Reached XP level 2. HP: 19/19 MP: 2/2
   528 | D:1      | Reached skill level 3 in Maces & Flails
   656 | D:1      | Reached XP level 3. HP: 23/23 MP: 3/3
  1216 | D:2      | Reached skill level 4 in Maces & Flails
  1491 | D:2      | Reached XP level 4. HP: 28/28 MP: 4/4
  1497 | D:2      | Found an ornate altar of the Wu Jian Council.
  1690 | D:2      | Found a blossoming altar of Fedhas.
  1894 | D:2      | Found a runed translucent door.
  1895 | D:2      | Noticed Crazy Yiuf
  1923 | D:2      | Slain by Crazy Yiuf

Levels and vault maps discovered:
D:1:      dpeg_chamrin_arrival_tetris, layout_basic, minmay_tiny_reverse_x
D:2:      layout_rooms, lemuel_coloured_pillars_altar, lemuel_doored_altar,
          hangedman_abyss_or_decor_lesser_grid, grunt_ministairs_2,
          nrook_loot_triangle, uniq_crazy_yiuf_cottage

Skill      XL: |  1  2  3 |
---------------+----------+-----
Maces & Flails | 3 4 |  4.5
Fighting       | |  3.2
Armour         | |  3.2
Shields        | |  3.2

Action                   |  1- 3 |  4- 6 || total
-------------------------+-------+-------++-------
Melee: Flail             |   125 |    70 ||   195
  Eat: Chunk             |     2 |     2 ||     4
Armor: Scale mail        |    66 |    42 ||   108
Dodge: Dodged            |    40 |    18 ||    58
Block: Shield            |    67 |    41 ||   108

Table legend:
 A = Non-vault XP
 B = Vault XP
 C = Vault XP percentage of total XP
 D = Non-vault monster count
 E = Vault monster count
 F = Vault count percentage of total count
                 A         B        C        D         E       F
            +---------+---------+-------+---------+---------+-------
      Total |     108 |      13 |  10.7 |      41 |       4 |   8.9
            +---------+---------+-------+---------+---------+-------
        D:1 |      34 |       6 |  15.0 |      20 |       2 |   9.1
        D:2 |      74 |       7 |   8.6 |      21 |       2 |   8.7
            +---------+---------+-------+---------+---------+-------
